 Dungeon Crawl Stone Soup version 0.29.0-7-g18a832c13a (webtiles) character file.

Game seed: 17021656407093398904

0 ImASeal the Grasshopper (level 1, -1/14 HPs)
             Began as a Meteoran Wanderer on Aug 31, 2022.
             Slain by a hobgoblin (3 damage)
             ... on level 1 of the Dungeon.
             The game lasted 00:00:46 (38 turns).

ImASeal the Grasshopper (Meteoran Wanderer)           Turns: 38, Time: 00:00:47

Health: -1/14      AC:  2    Str: 11    XL:     1   Next: 0%
Magic:  3/3        EV: 11    Int: 16    God:
Gold:   0          SH:  0    Dex: 12    Spells: 1/2 levels left

rFire   . . .      SeeInvis .   a - +0 mace
rCold   . . .      Faith    .   (no shield)
rNeg    . . .      Spirit   .   d - +0 robe
rPois   .          Reflect  .   (no helmet)
rElec   .          Harm     .   (no cloak)
rCorr   .          Rampage  .   (no gloves)
Will    .....                   (no boots)
Stlth   +.........              (no amulet)
HPRegen 0.04/turn               (no ring)
MPRegen 0.08/turn               (no ring)

@: glowing
A: sense surroundings 1, otherworldly, glowing, explore regen
a: no special abilities


You were on level 1 of the Dungeon.
You visited 1 branch of the dungeon, and saw 1 of its levels.

Inventory:

Hand Weapons
 a - a +0 mace (weapon)
Armour
 d - a +0 robe (worn)
Wands
 b - a wand of polymorph (3)
Scrolls
 c - a scroll of blinking


   Skills:
 + Level 1.3 Maces & Flails
 + Level 1.3 Spellcasting
 + Level 6.0 Translocations
 + Level 1.2 Invocations
 + Level 2.4 Evocations


You had one spell level left.
You knew the following spells:

 Your Spells              Type           Power      Damage    Failure   Level
a - Apportation           Tloc           40%        N/A       1%          1

Your spell library contained the following spells:

 Spells                   Type           Power      Damage    Failure   Level
 Blink                    Tloc           40%        N/A       2%          2
 Iskenderun's Mystic Bla  Conj/Tloc      10%        2d4       54%         4


Dungeon Overview and Level Annotations

Branches:
Dungeon (1/15) Zot: 559

Altars:


Innate Abilities, Weirdness & Mutations

You passively map a small area around you.
You are easily found by Zot.
You glow in the dark.
You regain HP and MP as you explore.


Message History

Welcome, ImASeal the Meteoran Wanderer.
A smirking vizier told you that the Orb of Zot is just within this dungeon.
Press ? for a list of commands and other information.
Found a staircase leading out of the dungeon.
You begin with the following items: a +0 mace, a wand of polymorph (3), a scroll of blinking, a +0 robe; and the following spell memorised: Apportation; and the following spells available to memorise: Blink, Iskenderun's Mystic Blast.
Okay, then.
Found a river rat skeleton.
You open the door.
There is an open door here.
Found a dagger.
A hobgoblin comes into view.
The hobgoblin shouts!
A rat comes into view.
The hobgoblin barely misses you.
You barely miss the hobgoblin. The hobgoblin hits you.
You hit the hobgoblin but do no damage. The hobgoblin hits you.
The hobgoblin attacks as you move away! The hobgoblin closely misses you.
The hobgoblin attacks as you move away! The hobgoblin hits you.
The hobgoblin attacks as you move away! The hobgoblin hits you.
* * * LOW HITPOINT WARNING * * *
The hobgoblin attacks as you move away! The hobgoblin misses you.
The hobgoblin attacks as you move away! The hobgoblin closely misses you.
A giant cockroach comes into view.
You hit the giant cockroach.
The giant cockroach is moderately wounded.
The hobgoblin closely misses you.
The giant cockroach bites you but does no damage.
The hobgoblin closely misses you.
You hit the giant cockroach.
The giant cockroach is almost dead.
The giant cockroach barely misses you. The hobgoblin closely misses you.
The giant cockroach barely misses you.
You hit the giant cockroach.
You kill the giant cockroach!
The hobgoblin hits you.
You die...

~~~#~~~# ##..#
~~~~~~~####..## *
~~~~~~~#....##
########.....# *
.<....'....#.###
########...#...## ,
~°~~~~~#...###.r# * *
~~~~~~~#...# ##g########
* °~~#~~~#...#*
#.@....... *
~~~~~~~#...#...#########*
~~~~~~##...#... #######
...#... ,..... ** ,
###...**, , , , .... , *
* * , , *, , *


You could see a hobgoblin and a rat.

Vanquished Creatures
  A giant cockroach (D:1)
1 creature vanquished.

Notes
Turn   | Place    | Note
-------+----------+-------------------------------------------
     0 | D:1      | ImASeal the Meteoran Wanderer began the quest for the Orb.
     0 | D:1      | ImASeal set off with the following items: a +0 mace, a wand
                  | of polymorph (3), a scroll of blinking, a +0 robe; and the
                  | following spell memorised: Apportation; and the following
                  | spells available to memorise: Blink, Iskenderun's Mystic
                  | Blast.
     0 | D:1      | Reached XP level 1. HP: 14/14 MP: 3/3
    38 | D:1      | Slain by a hobgoblin

Illustrated notes

Levels and vault maps discovered:
D:1:      saegor_arrival_miasma, layout_rooms,
          hellmonk_ecumenical_altar_arch_garden

Action                   || total
-------------------------++-------
Melee: Mace              ||     5
Armor: Robe              ||     1
Dodge: Dodged            ||     9
